[Event "Early-Titled-Tuesday-Blitz-January-30-2024"]
[Site "Chess.com"]
[Date "2024.01.30"]
[Round "2"]
[White "vasblesk"]
[Black "soloderisas"]
[Result "0-1"]
[WhiteElo "2769"]
[BlackElo "2529"]
[TimeControl "180+1"]
[EndTime "8:19:39 PST"]
[Termination "soloderisas won by resignation"]

1. d4 d5 2. Nf3 c6 3. c4 Bf5 4.
Nc3 e6 5. Qb3 Qb6 6. c5 Qxb3 7.
axb3 a6 8. b4 Nd7 9. b5 cxb5 10.
Nxb5 Rc8 11. Nc3 Ne7 12. Bf4 Nc6 13. e3 Be7 14. h3 O-O 15. Kd2 e5 16. Nxe5 Ncxe5 17. Bxe5 Nxe5 18. dxe5 Bxc5 19. Bd3 Be6 20. Ra4 Rfd8 21.
Ne2 Bd7 22. Rh4 Be7 23. Rf4 Be6 24. Rc1 g5 25. Ra4 Bd7 26. Raa1 Bb4+ 27. Kd1 Kf8 28. Nd4 h6 29. Ke2 Bc5 30. Nb3 Bb6 31. Kd2 Ke7 32. Nd4 Rxc1 33. Rxc1 Ba5+ 34. Ke2 Rc8 35. Rxc8 Bxc8 36.
Bf5 Bxf5 37. Nxf5+ Ke6 38. Nxh6 Bc7 39. f4 gxf4 40.
exf4 b6 41. Ke3 b5 42. Ng4 Bb6+ 43. Kd3 a5 44. Ne3 Bxe3 45. Kxe3 b4 46. Kd4 a4 47. Kd3 Kf5 48. g3 a3 49. bxa3 bxa3 50. Kc3 d4+ 51. Kb3 d3 52. e6 fxe6 53. h4 d2 54. h5 d1=Q+ 0-1

[Event "Early-Titled-Tuesday-Blitz-January-30-2024"]
[Site "Chess.com"]
[Date "2024.01.30"]
[Round "2"]
[White "xhembulla"]
[Black "Polish_fighter3000"]
[Result "0-1"]
[WhiteElo "2635"]
[BlackElo "3051"]
[TimeControl "180+1"]
[EndTime "8:19:43 PST"]
[Termination "Polish_fighter3000 won on time"]

1. e4 c5 2. c3 e5 3. Nf3 Nc6 4.
d4 cxd4 5. cxd4 Nf6 6. dxe5 Nxe4 7. Nc3 Bb4 8. Qc2 Qa5 9. Qxe4 Bxc3+ 10. Nd2 Bd4 11.
Bc4 Qxe5 12. O-O O-O 13. Qh4 Qc5 14. Bd3 g6 15. Nb3 Qb6 16. Nxd4 Qxd4 17. Qg3 d5 18. Bh6 Re8 19. Rfe1 Be6 20. b3 Rac8 21. Rad1 Qf6 22.
Bg5 Qb2 23. Qf4 Qd4 24. Qg3 Bg4 25. Rxe8+ Rxe8 26. Rf1 h5 27. Bb1 Qe5 28. Bf4 Qf6 29.
h3 Nd4 30. Bd3 Be2 31. Bg5 Bxd3 32. Bxf6 Ne2+ 33. Kh2 Nxg3 34. Rd1 Ne4 35. Bd4 Bb5 36. Be3 Bc6 37. a4 a6 38. f3 Nd6 39. Bd4 h4 40. Bf6 Nf5 41. Rc1 Re6 42. Bc3 d4 43. Be1 f6 44.
Kg1 Re2 45. Kf1 Rb2 46. Bf2 Rxb3 47. Rd1 d3 0-1

[Event "Early-Titled-Tuesday-Blitz-January-30-2024"]
[Site "Chess.com"]
[Date "2024.01.30"]
[Round "2"]
[White "RichardLeyvaP"]
[Black "jcibarra"]
[Result "1/2-1/2"]
[WhiteElo "2497"]
[BlackElo "2850"]
[TimeControl "180+1"]
[EndTime "8:19:43 PST"]
[Termination "Game drawn - insufficient material"]

1. e4 c5 2. Nf3 Nc6 3. d4 cxd4 4. Nxd4 e5 5. Nb5 d6 6. c4 g6 7. N1c3 a6 8. Na3 Bg7 9. Nc2 Be6 10. Bd3 Nf6 11. O-O O-O 12. b3 Rc8 13. Bb2 Nh5 14.
Nd5 f5 15. exf5 Bxf5 16. Bxf5 Rxf5 17. Nce3 Rf7 18. g3 Nd4 19. f4 b5 20. fxe5 Rxf1+ 21. Qxf1 dxe5 22. Rc1 e4 23. Kg2 Nf3 24. Bxg7 Nxg7 25.
cxb5 Rxc1 26. Qxc1 axb5 27. Qc7 Qf8 28. Qf4 Qxf4 29.
Nxf4 Kf7 30. Nfd5 Nd4 31. a4 Nxb3 32. axb5 Ke6 33. b6 Nc5 34. g4 Ke5 35. Kg3 Nge6 36. h4 Kd4 37. Kf2 Nd7 38. b7 Ke5 39. Ne7 Nd8 40. g5 Nxb7 41. h5 gxh5 42. g6 hxg6 43.
Nxg6+ Kf6 44. Nf4 Kg5 45. Nxh5 Kxh5 46. Kg3 Kg5 47. Nd5 Ne5 48. Nc3 e3 49. Nd5 Nc4 50.
Nxe3 Nxe3 1/2-1/2

[Event "Early-Titled-Tuesday-Blitz-January-30-2024"]
[Site "Chess.com"]
[Date "2024.01.30"]
[Round "2"]
[White "FlemingA"]
[Black "Sethu0025"]
[Result "1/2-1/2"]
[WhiteElo "2437"]
[BlackElo "2853"]
[TimeControl "180+1"]
[EndTime "8:19:43 PST"]
[Termination "Game drawn by repetition"]

1. e4 c5 2. Nf3 d6 3. d4 cxd4 4. Qxd4 Nf6 5. e5 Nc6 6. Bb5 Qa5+ 7. Nc3 Qxb5 8. Nxb5 Nxd4 9. Nbxd4 dxe5 10. Nxe5 a6 11. O-O e6 12. Re1 Bc5 13. Ndf3 O-O 14. Be3 Be7 15.
Rad1 Nd5 16. c4 Nxe3 17. Rxe3 f6 18. Nd7 Rd8 19. Red3 Bxd7 20. Rxd7 Kf8 21. Rxd8+ Rxd8 22. Rxd8+ Bxd8 23. Kf1 Ke7 24. Ke2 a5 25. Ne1 Bb6 26. Nd3 Bd4 27. b3 e5 28. f3 Kd6 29.
Ne1 f5 30. Nc2 Kc5 31. Kd3 Bg1 32. h3 h5 33. a3 b6 34. b4+ axb4 35. axb4+ Kd6 36.
Ne3 g6 37. Nc2 h4 38. Na3 Kc6 39. Nb5 Bf2 40. Na7+ Kc7 41. Nb5+ Kc6 42. Na7+ Kd7 43. Nb5 Be1 44. Nc3 Kd6 45. Nb5+ Ke6 46. Nc3 Kd6 47. Nb5+ Kc6 48. Nc3 Bf2 49. Nb5 Bg3 50. Na7+ Kb7 51. Nb5 Kc6 52. Na7+ Kd7 53. Nb5 Bf2 54. Nc3 g5 55. Nd5 Ke6 56. Nc7+ Kd6 57. Nb5+ Kc6 58. Na7+ Kd7 59. Nb5 Kc6 60. Na7+ Kb7 61. Nb5 Kc6 1/2-1/2

[Event "Early-Titled-Tuesday-Blitz-January-30-2024"]
[Site "Chess.com"]
[Date "2024.01.30"]
[Round "2"]
[White "WhiteKnight2612"]
[Black "N4700000"]
[Result "1-0"]
[WhiteElo "2825"]
[BlackElo "2421"]
[TimeControl "180+1"]
[EndTime "8:19:43 PST"]
[Termination "WhiteKnight2612 won on time"]

1. Nf3 g6 2. d4 Bg7 3. g3 d5 4. Bg2 c6 5. O-O Nd7 6. c4 dxc4 7. a4 a5 8. Na3 Nb6 9. Qc2 Nf6 10. e4 O-O 11. Bf4 h6 12. h4 Be6 13. Rad1 Qc8 14.
Rfe1 Rd8 15. Be5 Kh7 16. Rd2 Bh3 17. Bh1 Be6 18. Bg2 Bh3 19. Nxc4 Nxc4 20. Qxc4 Bxg2 21. Kxg2 e6 22. Rc2 Qd7 23. Qb3 Ng4 24. Bxg7 Kxg7 25. Rc5 h5 26. Qc3 Kg8 27. Rxa5 Rxa5 28. Qxa5 Qe7 29. Qb6 Rd7 30. a5 e5 31. Rd1 exd4 32.
Rxd4 Rxd4 33. Qxd4 Qe6 34. Ng5 Qb3 35. Qd8+ Kg7 36.
Qe7 Kg8 37. Qd7 Kg7 38. Qe8 Qc4 39. b4 Qa2 40. Nh3 Qc4 41. Qe7 Nf6 42. Ng5 Ng4 43. Qc5 Qa2 44. Qd4+ Kg8 45. e5 1-0

[Event "Early-Titled-Tuesday-Blitz-January-30-2024"]
[Site "Chess.com"]
[Date "2024.01.30"]
[Round "2"]
[White "dretch"]
[Black "chess123456s"]
[Result "1-0"]
[WhiteElo "2797"]
[BlackElo "2549"]
[TimeControl "180+1"]
[EndTime "8:19:44 PST"]
[Termination "dretch won by checkmate"]

1. d4 Nf6 2. c4 e6 3. Nc3 Bb4 4. Qc2 d5 5. cxd5 Qxd5 6. Nf3 Qf5 7. Qxf5 exf5 8. Bd2 c6 9. e3 Be6 10. Bd3 Nbd7 11. Ng5 Nb6 12. Nxe6 fxe6 13. Ke2 O-O-O 14. Rhc1 Kb8 15. g3 Rhe8 16. a3 Bd6 17. a4 Nbd5 18. Nxd5 cxd5 19. a5 a6 20. b4 Ne4 21. Be1 e5 22. Kf1 exd4 23. exd4 f4 24. b5 axb5 25. Bxb5 Rf8 26. Kg2 f3+ 27. Kf1 Rc8 28. a6 bxa6 29. Bxa6 Rxc1 30. Rxc1 Ka7 31. Bc8 Re8 32. Bg4 Rf8 33.
Be6 Nf6 34. Rc3 Bb4 35. Rc7+ Kb6 36. Bxb4 Re8 37. Re7 Ra8 38. Bc5+ Kc6 39. Bf5 Ra1+ 40. Re1 Ra2 41. h3 g6 42. Re6+ Kb5 43. Bd3+ Ka4 44.
Ra6+ Kb3 45. Rxa2 Kxa2 46. Ke1 Kb3 47. Kd2 g5 48. Ke3 g4 49. hxg4 Nxg4+ 50. Kxf3 Nf6 51. Kf4 Kc3 52. Bf5 Kc4 53. f3 Ne8 54. Bxh7 Ng7 55. Bf5 Nh5+ 56. Kg4 Nf6+ 57. Kg5 Ne8 58. g4 Nc7 59. Kf6 Nb5 60. g5 Nc3 61. g6 Kb3 62. g7 Kb2 63. g8=Q Na2 64. Qb8+ Kc3 65. Qb1 Nb4 66. Qxb4# 1-0

[Event "Early-Titled-Tuesday-Blitz-January-30-2024"]
[Site "Chess.com"]
[Date "2024.01.30"]
[Round "2"]
[White "DestroyerJohny"]
[Black "anasta10"]
[Result "0-1"]
[WhiteElo "2237"]
[BlackElo "2513"]
[TimeControl "180+1"]
[EndTime "8:19:45 PST"]
[Termination "anasta10 won on time"]

1. d4 g6 2. Nc3 Bg7 3. e4 d6 4.
Nf3 a6 5. a4 b6 6. Be2 Bb7 7. O-O Nf6 8. Bd3 O-O 9. h3 c5 10. d5 e6 11. dxe6 fxe6 12. Bf4 Nc6 13. Bc4 Qe8 14. Qxd6 Kh8 15. Qxe6 Na5 16. Bd6 Qxe6 17.
Bxe6 Rfe8 18. Bf7 Rec8 19. e5 Ne4 20. Nxe4 Bxe4 21. Rae1 Bxc2 22. e6 Bd3 23. e7 Bxf1 24.
Kxf1 Re8 25. Ne5 Bf6 26. Nd7 Kg7 27. Bxe8 Rxe8 28. Re6 Bxb2 29. Nxb6 Kf7 30. Re2 Bf6 31. Nd5 c4 32. Re3 Nc6 33. Rf3 c3 34. Ke1 Nd4 35. Rxf6+ Kg7 36. Kd1 c2+ 37. Kc1 Rc8 38. Nc7 Kxf6 39.
e8=Q Rxe8 40. Nxe8+ Ke6 41. Bc5 Nb3+ 42. Kxc2 Nxc5 43. a5 h6 44. Nc7+ Kd6 45. Ne8+ Kc6 46. Nf6 Kd6 47. Ng8 h5 48. Nf6 Nb7 49. Ne4+ Ke5 50.
f3 Nxa5 51. Kc3 Nc6 52. Kc4 Kf4 53. Kc5 Ne5 54. Kb6 Nc4+ 55. Kxa6 Ne3 0-1

[Event "Early-Titled-Tuesday-Blitz-January-30-2024"]
[Site "Chess.com"]
[Date "2024.01.30"]
[Round "2"]
[White "FormerProdigy"]
[Black "ukchessbomber"]
[Result "1-0"]
[WhiteElo "3025"]
[BlackElo "2626"]
[TimeControl "180+1"]
[EndTime "8:19:46 PST"]
[Termination "FormerProdigy won by resignation"]

1. c4 b6 2. d4 Bb7 3. Nc3 d6 4. e4 Nd7 5. Nf3 e6 6. Bd3 Ngf6 7. O-O g6 8. Rb1 Bg7 9. b4 O-O 10. Re1 e5 11. d5 a5 12. a3 axb4 13. axb4 Nh5 14.
Bf1 Bc8 15. Nd2 Bh6 16. g3 Ng7 17. Nb3 Bxc1 18. Qxc1 f5 19. c5 f4 20. Nb5 Ra2 21. Rb2 Rxb2 22. Qxb2 dxc5 23. bxc5 bxc5 24. Qc2 fxg3 25. hxg3 h5 26. Nxc5 h4 27. Ne6 Nxe6 28. dxe6 hxg3 29. fxg3 Qg5 30. Qc3 Nc5 31. Nxc7 Nxe6 32.
Bc4 Rf6 33. Rd1 Kh7 34. Nxe6 Bxe6 35. Bxe6 Rxe6 36. Rd7+ Re7 37. Rxe7+ Qxe7 38. Kg2 Qf6 39. Qc4 Kg7 40. Qd5 Kh7 41. Qd7+ Kh6 42. Qh3+ Kg7 43.
Qd7+ Kh6 44. Qc7 Qg5 45. Qf7 Qd2+ 46. Kh3 Qg5 47. Qg8 Qf6 48. Kg2 Qg7 49. Qxg7+ Kxg7 50. Kh3 Kh6 51. Kg4 Kh7 52. Kg5 Kg7 53. g4 Kf7 54. Kh6 Kf6 55. g5+ 1-0

[Event "Early-Titled-Tuesday-Blitz-January-30-2024"]
[Site "Chess.com"]
[Date "2024.01.30"]
[Round "2"]
[White "viktorgen2021"]
[Black "sokidze"]
[Result "0-1"]
[WhiteElo "2569"]
[BlackElo "2852"]
[TimeControl "180+1"]
[EndTime "8:19:46 PST"]
[Termination "sokidze won on time"]

1. d4 Nf6 2. Nf3 d5 3. c4 e6 4. g3 Be7 5. Bg2 O-O 6. O-O c6 7. Qc2 b6 8. Rd1 Nbd7 9. b3 Bb7 10. Nc3 Ba6 11. Bf4 b5 12. Ne5 Rc8 13. Rac1 Ba3 14. Rb1 Qa5 15. c5 Bb4 16. Nxd7 Nxd7 17. Bd2 f5 18. a3 Bxc3 19. Bxc3 Qc7 20. e3 Nf6 21. Bf1 Ne4 22. Be1 Rb8 23. b4 h6 24. a4 Rb7 25. Kg2 Qb8 26. Bd3 Kh8 27. h4 Qe8 28. f3 Nf6 29. Bc3 Rb8 30. Kf2 Ne4+ 31. Bxe4 fxe4 32. f4 bxa4 33. g4 Bb5 34. Rg1 Qg6 35. Rbe1 Qf6 36. g5 Qf5 37. Rg3 h5 38. Reg1 g6 39. Qa2 Kh7 40. Qa3 Qf7 41. Ke1 Qb7 42. Kd2 Qa6 43. R3g2 Bc4 44. Rb1 Bb3 45. Ke1 Qd3 46. Rc1 Qxe3+ 47. Kf1 Rxf4+ 0-1

[Event "Early-Titled-Tuesday-Blitz-January-30-2024"]
[Site "Chess.com"]
[Date "2024.01.30"]
[Round "2"]
[White "ErikRonka"]
[Black "hmatyi07"]
[Result "1/2-1/2"]
[WhiteElo "2489"]
[BlackElo "2208"]
[TimeControl "180+1"]
[EndTime "8:19:47 PST"]
[Termination "Game drawn by repetition"]

1. e4 c5 2. a3 g6 3. b4 Bg7 4.
Nc3 d6 5. bxc5 dxc5 6. Bb5+ Bd7 7. Bxd7+ Qxd7 8. Nge2 Nc6 9. O-O Nf6 10. d3 O-O 11. f4 Nd4 12. Kh1 Nxe2 13. Qxe2 Nxe4 14. Nxe4 Bxa1 15. f5 Bg7 16. Bg5 f6 17. Nxc5 Qc6 18. Be3 gxf5 19. Rxf5 Kh8 20. Rh5 f5 21. Qf2 f4 22. Bd2 f3 23. g3 Rad8 24. Be3 b6 25.
Ne4 Qg6 26. Rg5 Qf7 27. Rg4 Qa2 28. h3 Qxa3 29. Ng5 Qa1+ 30. Kh2 Qf6 31. h4 h6 32. Ne4 Qf5 33. Rf4 Qd7 34. Qxf3 Rxf4 35. Bxf4 Rf8 36. Qh5 Qf5 37. Qe2 Qa5 38. Qg4 Qf5 39. Qe2 e5 40. Be3 Qf3 41. Qd2 Kh7 42. Nf2 h5 43. Nh3 Qf1 44.
Ng5+ Kh8 45. d4 Bh6 46. dxe5 Bxg5 47. hxg5 Qf5 48. Qd4 Qxc2+ 49. Kh3 Qf5+ 50. Kh2 Qc2+ 51. Kh3 Qf5+ 52. Kh2 Qc2+ 1/2-1/2

[Event "Early-Titled-Tuesday-Blitz-January-30-2024"]
[Site "Chess.com"]
[Date "2024.01.30"]
[Round "2"]
[White "TheoSlade"]
[Black "NtcPou"]
[Result "1-0"]
[WhiteElo "2464"]
[BlackElo "2064"]
[TimeControl "180+1"]
[EndTime "8:19:47 PST"]
[Termination "TheoSlade won on time"]

1. d4 d5 2. c4 c6 3. cxd5 cxd5 4. Bf4 Nf6 5. e3 Nc6 6. Nc3 Bg4 7. Qb3 Na5 8. Qa4+ Bd7 9. Qc2 Rc8 10. Bd3 e6 11. Nf3 Be7 12. O-O O-O 13. Ne5 a6 14. Nxd7 Qxd7 15. Qe2 b5 16. a3 Nc4 17.
Rfc1 Rc6 18. a4 b4 19. Nd1 Rfc8 20. b3 Nd6 21. Rxc6 Qxc6 22. Bxa6 Rb8 23. Bb5 Qa8 24. Bxd6 Bxd6 25. Rc1 Rc8 26. Qb2 h6 27. Rc2 Ne4 28. Qc1 Rxc2 29. Qxc2 Qb7 30. Qc6 Qb8 31. g3 Nd2 32. a5 Nxb3 33. a6 Na5 34. Qd7 Bc7 35.
Nb2 b3 36. Qe7 Nc4 37. Bxc4 dxc4 38. Nxc4 Bb6 39. Qb7 Qxb7 40. axb7 Ba7 41. Kf1 Kf8 42. Ke2 Ke7 43. Kd3 Kd7 44. Kc3 Kc7 45. Kxb3 Kxb7 46.
Nd6+ Kc6 47. Nxf7 Kd5 48. f3 e5 49. Nxe5 Bb8 50. Kc3 Bd6 51. e4+ Ke6 52. Nc4 Be7 53. d5+ Kd7 54. Kd4 Bf6+ 55. e5 Bd8 56. d6 Ke6 57. Ke4 g6 58. f4 h5 59. h3 Kd7 60.
g4 1-0

[Event "Early-Titled-Tuesday-Blitz-January-30-2024"]
[Site "Chess.com"]
[Date "2024.01.30"]
[Round "2"]
[White "Msb2"]
[Black "Sanyura"]
[Result "1-0"]
[WhiteElo "3029"]
[BlackElo "2630"]
[TimeControl "180+1"]
[EndTime "8:19:48 PST"]
[Termination "Msb2 won by resignation"]

1. d4 Nf6 2. c4 c5 3. d5 b5 4. cxb5 a6 5. bxa6 e6 6. dxe6 fxe6 7. Nc3 d5 8. g3 Be7 9. Bg2 O-O 10. Nh3 Rxa6 11. O-O Nc6 12. b3 Qa5 13. Bb2 Rd8 14.
Nf4 Qb6 15. Qc1 Bd6 16. Rd1 Nd4 17. e3 Nf5 18. Nd3 c4 19. bxc4 dxc4 20. Nf4 Bxf4 21. Rxd8+ Qxd8 22. exf4 Rd6 23. Qe1 Nd4 24. Rd1 Kf7 25.
a4 Ba6 26. Ba3 Rd7 27. Bc5 Nb3 28. Rxd7+ Qxd7 29. Be3 Bb7 30. Qd1 Qe7 31. Bxb7 Qxb7 32. Nb5 Qd5 33. Qxd5 exd5 34. Nd4 Nd7 35. Ne2 Ke6 36.
Kf1 Kd6 37. Ke1 Kc6 38. Nd4+ Nxd4 39. Bxd4 Nc5 40. Bxg7 Nxa4 41. f5 Kd6 42. Bd4 Nc5 43.
Bxc5+ Kxc5 44. f6 Kd6 45. g4 Ke6 46. g5 d4 47. Kd2 c3+ 48. Kd3 Kf7 49. f4 h6 50. h4 h5 51. f5 Ke8 52. g6 Kf8 53. f7 Kg7 54. f6+ Kf8 55. Kc2 d3+ 56. Kxd3 c2 57. g7+ Kxf7 58. Kxc2 1-0

[Event "Early-Titled-Tuesday-Blitz-January-30-2024"]
[Site "Chess.com"]
[Date "2024.01.30"]
[Round "2"]
[White "mbojan"]
[Black "toninhojit"]
[Result "1-0"]
[WhiteElo "2874"]
[BlackElo "2577"]
[TimeControl "180+1"]
[EndTime "8:19:48 PST"]
[Termination "mbojan won by resignation"]

1. Nf3 c5 2. g3 Nc6 3. d4 cxd4 4. Nxd4 d6 5. Bg2 Bd7 6. O-O Nf6 7. c4 Rc8 8. Nc3 g6 9. b3 Bg7 10. Bb2 O-O 11.
Rc1 Nxd4 12. Qxd4 Bc6 13. Bxc6 bxc6 14. Qxa7 Ng4 15. Qa3 Ra8 16. Na4 Bh6 17. Rcd1 Qc8 18. h3 Nxf2 19. Rxf2 Qxh3 20. Bc1 Qxg3+ 21. Rg2 Be3+ 22.
Bxe3 Qxe3+ 23. Rf2 Ra5 24. c5 Qg3+ 25. Rg2 Qe3+ 26.
Kf1 Qf4+ 27. Rf2 Qh4 28. Ke1 dxc5 29. Qc1 Qh1+ 30. Kd2 Rd8+ 31. Kc2 Qe4+ 32. Kb2 Qe5+ 33. Nc3 Rda8 34. Kb1 c4 35. b4 Ra3 36. Rf3 Qe6 37. Qb2 c5 38. b5 R3a4 39. Ka1 R8a5 40. Qc2 Rb4 41. Rb1 Qe5 42. Rff1 Ra3 43. Rfc1 Rbb3 44.
Qd2 Rxc3 45. Rxc3 Rxc3 46. Qb2 Qe3 47. b6 Qd4 48. b7 Re3 49. b8=Q+ Kg7 50. Qxd4+ cxd4 51. Qb6 Re4 52. Qc6 c3 53. Qxe4 1-0

[Event "Early-Titled-Tuesday-Blitz-January-30-2024"]
[Site "Chess.com"]
[Date "2024.01.30"]
[Round "2"]
[White "kleinebeer98"]
[Black "FREDERICKtheMATE"]
[Result "1-0"]
[WhiteElo "2857"]
[BlackElo "2570"]
[TimeControl "180+1"]
[EndTime "8:19:48 PST"]
[Termination "kleinebeer98 won by resignation"]

1. e4 c5 2. Nf3 Nc6 3. Nc3 g6 4. d4 cxd4 5. Nxd4 Bg7 6. Nf3 d6 7. Bc4 Nf6 8. h3 O-O 9. O-O Bd7 10. Bg5 Rc8 11. Qe2 a6 12. Rad1 b5 13. Bb3 h6 14. Bh4 Na5 15. e5 dxe5 16. Nxe5 Rc7 17. Nxg6 Re8 18. Ne5 Nxb3 19. cxb3 Qc8 20. Rfe1 Be6 21.
Nd3 Bf5 22. Nf4 Rb7 23. Ncd5 Nxd5 24. Nxd5 e6 25. Nf6+ Bxf6 26. Bxf6 Qc2 27. Qe3 Kh7 28. Rd2 Qc6 29. g4 Rg8 30. Kh2 Bg6 31. Qf4 Rd7 32. Rxd7 Qxd7 33. Rc1 Rc8 34. Rxc8 Qxc8 35. h4 h5 36. Be5 Qg8 37. f3 Bd3 38. Qf6 Bg6 39. a4 Bd3 40. Kg3 Bc2 41. g5 Bg6 42. Kf2 Qf8 43. Bd4 Bc2 44. a5 Bg6 45. Ke3 Bc2 46. b4 Bg6 47. Kf2 Bf5 48. Bc5 Qe8 49. Qh6+ Kg8 50. Bd4 e5 51. Bc3 Bg6 52. f4 Qe6 53. Bxe5 Qxe5 54. fxe5 1-0

[Event "Early-Titled-Tuesday-Blitz-January-30-2024"]
[Site "Chess.com"]
[Date "2024.01.30"]
[Round "2"]
[White "Willhaven3"]
[Black "falzehope0"]
[Result "1-0"]
[WhiteElo "2619"]
[BlackElo "2373"]
[TimeControl "180+1"]
[EndTime "8:19:48 PST"]
[Termination "Willhaven3 won on time"]

1. d4 e6 2. Nf3 d5 3. c4 c6 4. e3 Bd6 5. Nc3 f5 6. Ne5 Nf6 7. f4 O-O 8. Bd3 Ne4 9. O-O Nd7 10.
Bd2 g5 11. Be1 gxf4 12. exf4 Qf6 13. Qh5 Kh8 14. Bh4 Qg7 15. Rf3 Ndf6 16. Bxf6 Rxf6 17. Bxe4 fxe4 18. Rg3 Bxe5 19. Rxg7 Bxd4+ 20. Kh1 Kxg7 21. Ne2 Bxb2 22. Rb1 Ba3 23. Qg5+ Kf7 24. Ng3 Be7 25. Qh5+ Kg7 26. Qe8 Rf7 27. Nh5+ Kg6 28. Qg8+ Kxh5 29.
Qxf7+ Kh6 30. Qxe7 Kg6 31. g4 h6 32. h4 h5 33. Qg5+ Kf7 34. Qxh5+ Ke7 35. c5 b6 36. Qh7+ Kd8 37. Qg8+ Kc7 38. Qf7+ Bd7 39. h5 bxc5 40. h6 c4 41. Qf6 c5 42. h7 d4 43. h8=Q Rxh8+ 44. Qxh8 Kc6 45. Qa8+ Kd6 46. Qb8+ Kd5 47. Qe5+ Kc6 48.
g5 e3 49. g6 c3 50. Rc1 Kb7 51. g7 Bc6+ 52. Kh2 e2 53. g8=Q d3 54. Qgb8+ Ka6 55.
Qec7 1-0

[Event "Early-Titled-Tuesday-Blitz-January-30-2024"]
[Site "Chess.com"]
[Date "2024.01.30"]
[Round "2"]
[White "DonkyDonkyDonkey"]
[Black "Philosopherrr"]
[Result "1-0"]
[WhiteElo "2743"]
[BlackElo "2390"]
[TimeControl "180+1"]
[EndTime "8:19:49 PST"]
[Termination "DonkyDonkyDonkey won on time"]

1. e4 e5 2. Nf3 Nc6 3. Nc3 Nf6 4. a3 Be7 5. d4 d6 6. d5 Nb8 7. h3 O-O 8. Be3 c6 9. g4 cxd5 10. exd5 Nbd7 11. Qd2 a6 12. g5 Ne8 13. h4 b5 14. h5 Nb6 15. a4 Nc4 16. Bxc4 bxc4 17. a5 Bf5 18. Nh4 Bg4 19. h6 g6 20. Bb6 Bxg5 21. Bxd8 Bxd2+ 22. Kxd2 Rxd8 23. Ra4 Rc8 24. Rb4 Rc5 25. Ra1 Nf6 26. Rb7 Nxd5 27. Ne4 Rc7 28.
Rxc7 Nxc7 29. Nf6+ Kh8 30. Nxg4 f5 31. Ne3 d5 32. c3 Rb8 33. Kc2 Kg8 34. Rg1 Kf7 35.
Nhxf5 Ke6 36. Ng7+ Kd6 37. Ng4 Rf8 38. Re1 e4 39. b3 cxb3+ 40. Kxb3 Rf4 41. Rg1 Ke7 42. Kc2 Rf3 43. Kd2 Nb5 44. Ne5 Rxf2+ 45. Ke3 Rh2 46. Nxg6+ hxg6 47. Rxg6 Rh3+ 48. Kf4 Nxc3 49. Rxa6 e3 50.
Nf5+ Kf7 51. Ra7+ Kg6 52. Ra6+ Kh7 53. Kg5 1-0

[Event "Early-Titled-Tuesday-Blitz-January-30-2024"]
[Site "Chess.com"]
[Date "2024.01.30"]
[Round "2"]
[White "DreamsAreFake"]
[Black "DmitriiZakurdaev"]
[Result "1-0"]
[WhiteElo "2719"]
[BlackElo "2392"]
[TimeControl "180+1"]
[EndTime "8:19:49 PST"]
[Termination "DreamsAreFake won on time"]

1. Nf3 d5 2. g3 Nf6 3. Bg2 e6 4. O-O Be7 5. b3 O-O 6. Bb2 c5 7. d3 Nc6 8. Nbd2 b6 9. e4 Bb7 10. Qe2 Rc8 11. c4 dxe4 12. dxe4 Qc7 13. Rad1 Rfd8 14. e5 Ne8 15. Ne4 Nb4 16. a3 Nc6 17. h4 Rxd1 18. Rxd1 Rd8 19. Rxd8 Qxd8 20. h5 h6 21. g4 Na5 22. Nfd2 Bg5 23. b4 Bxd2 24. bxa5 Bxa5 25. Nf6+ Nxf6 26. Bxb7 Nh7 27. Be4 Qd2 28. Qxd2 Bxd2 29. Kf1 Ng5 30. Bg2 Kf8 31. Ke2 Bf4 32. Bc3 Ke7 33. a4 Kd7 34. Kd3 Ke7 35. Kc2 f6 36.
exf6+ gxf6 37. a5 Nf7 38. Kb3 Nd6 39. Bf1 Ne4 40. axb6 axb6 41. Be1 Bd2 42. f3 Bxe1 43. fxe4 Kd6 44. Kc2 Ke5 45. Kd3 Kf4 46. Be2 Bb4 47. Bd1 Kg3 48. e5 fxe5 49. Ke4 Bc3 50. g5 1-0

[Event "Early-Titled-Tuesday-Blitz-January-30-2024"]
[Site "Chess.com"]
[Date "2024.01.30"]
[Round "2"]
[White "Shuvalov"]
[Black "nikitadovbnya2008"]
[Result "1-0"]
[WhiteElo "2474"]
[BlackElo "2132"]
[TimeControl "180+1"]
[EndTime "8:19:49 PST"]
[Termination "Shuvalov won by resignation"]

1. d4 Nf6 2. c4 e6 3. Nc3 Bb4 4. f3 d5 5. a3 Bxc3+ 6. bxc3 c5 7. cxd5 Nxd5 8. dxc5 Qa5 9. e4 Nxc3 10. Qd2 Nc6 11.
Bb2 Na4 12. Qxa5 Nxa5 13. Bxg7 Rg8 14. Bb5+ Bd7 15. Bxd7+ Kxd7 16. Rd1+ Kc6 17. Bf6 Rxg2 18. Ne2 Nb3 19. Kf1 Rg6 20. Be7 Rag8 21. Nf4 Rh6 22.
h4 Naxc5 23. Rh2 b6 24. Rc2 Na5 25. Rdd2 Nb3 26. Rd3 Kb7 27. Rdc3 Nd4 28. Rd2 Ndb3 29. Rd1 f6 30. Nxe6 Nxe6 31. Rd7+ Ka6 32. Rxb3 Rxh4 33.
Bxf6 Rh1+ 34. Kf2 Nf4 35. Ke3 Ng2+ 36. Kd4 Rd1+ 37. Rd3 Rxd3+ 38. Kxd3 Rf8 39. e5 Nf4+ 40. Ke4 Ne6 41. Rxh7 Nc5+ 42. Kf5 Kb5 43. Rxa7 Kc6 44. f4 Kd5 45. Rc7 b5 46. Kg6 Ke4 47. Rxc5 Rg8+ 48.
Kf7 b4 49. axb4 Rb8 50. e6 Rb7+ 51. e7 1-0

[Event "Early-Titled-Tuesday-Blitz-January-30-2024"]
[Site "Chess.com"]
[Date "2024.01.30"]
[Round "2"]
[White "Noki102"]
[Black "C_K_G"]
[Result "1-0"]
[WhiteElo "2476"]
[BlackElo "2138"]
[TimeControl "180+1"]
[EndTime "8:19:50 PST"]
[Termination "Noki102 won by checkmate"]

1. d4 d5 2. Nf3 e6 3. Bf4 Nf6 4. e3 Bd6 5. Ne5 c5 6. Bb5+ Ke7 7. O-O c4 8. c3 a6 9. Ba4 Qc7 10. Nd2 b5 11. Bc2 Nc6 12. Nxc6+ Qxc6 13. Bxd6+ Qxd6 14. e4 Qf4 15. g3 Qh6 16. e5 Nd7 17. f4 Bb7 18. f5 Raf8 19. Qe2 Kd8 20. a4 b4 21. cxb4 g6 22. fxe6 fxe6 23. b3 Ke7 24. bxc4 dxc4 25. Be4 c3 26. Bxb7 cxd2 27. Rxf8 Rxf8 28. Rd1 Rb8 29.
Bxa6 Rxb4 30. Rxd2 Rxa4 31. Kg2 Rxa6 32. d5 exd5 33.
Rxd5 Re6 34. Qb5 Nxe5 35. Rxe5 Qd2+ 36. Kh3 Qh6+ 37. Kg4 Rxe5 38. Qxe5+ Kf7 39. Qd5+ Ke7 40. Qb7+ Kf6 41. Qb2+ Kf7 42. Qb3+ Ke7 43. Qb4+ Kf7 44. Qc4+ Ke7 45. Qc5+ Kf7 46. Qd5+ Ke7 47. Qg5+ Qxg5+ 48. Kxg5 Kf7 49. Kh6 Kg8 50. g4 Kh8 51. h4 Kg8 52. h5 Kh8 53. hxg6 hxg6 54. Kxg6 Kg8 55. g5 Kh8 56. Kf7 Kh7 57. g6+ Kh8 58. g7+ Kh7 59.
g8=Q+ Kh6 60. Qg6# 1-0

[Event "Early-Titled-Tuesday-Blitz-January-30-2024"]
[Site "Chess.com"]
[Date "2024.01.30"]
[Round "2"]
[White "Anton_Demchenko"]
[Black "Crazy_girl99"]
[Result "1-0"]
[WhiteElo "2946"]
[BlackElo "2604"]
[TimeControl "180+1"]
[EndTime "8:19:51 PST"]
[Termination "Anton_Demchenko won by resignation"]

1. e4 e5 2. Nf3 Nc6 3. Bc4 Nf6 4. d3 Bc5 5. Bg5 h6 6. Bh4 g5 7. Bg3 d6 8. c3 Bb6 9. Nbd2 Qe7 10. a4 a5 11. O-O O-O 12. Re1 Kg7 13. Bb5 Bg4 14. h3 Bh5 15. Qc2 Bg6 16. d4 exd4 17. Bxc6 bxc6 18. cxd4 c5 19. Qc3 Kh7 20. e5 cxd4 21.
Nxd4 dxe5 22. Bxe5 Nd5 23. Qc4 Qd7 24. Ne4 Bxe4 25.
Rxe4 f6 26. Bh2 Rfe8 27. Qd3 Rxe4 28. Qxe4+ Kg7 29. Nf5+ Kf8 30. Nxh6 Re8 31. Qf3 Kg7 32. Nf5+ Kf7 33. Rd1 c6 34. g4 Re6 35. h4 Qe8 36.
hxg5 Re2 37. Bg3 Re1+ 38. Rxe1 Qxe1+ 39. Kg2 fxg5 40. Nd4+ Ke8 41. Nxc6 Nf4+ 42. Bxf4 gxf4 43. Qxf4 Qe2 44. Qe5+ Qxe5 45. Nxe5 Ke7 46. f4 Ke6 47. Kf3 Bd4 48. Nd3 Kd5 49. b3 Bc3 50. g5 Kd4 51.
Ne5 Bb4 52. g6 Bf8 53. Nc4 Kc3 54. Nxa5 Kb4 55. Nc6+ Kxb3 56. a5 1-0

[Event "Early-Titled-Tuesday-Blitz-January-30-2024"]
[Site "Chess.com"]
[Date "2024.01.30"]
[Round "2"]
[White "Evgeny81"]
[Black "garfield_pg"]
[Result "0-1"]
[WhiteElo "2740"]
[BlackElo "2468"]
[TimeControl "180+1"]
[EndTime "8:19:51 PST"]
[Termination "garfield_pg won on time"]

1. Nf3 d5 2. c4 e6 3. g3 d4 4. Bg2 Nc6 5. O-O Bc5 6. d3 Nge7 7.
Na3 O-O 8. Nc2 a5 9. b3 e5 10. a3 Bf5 11. Ng5 Ng6 12. Rb1 Be7 13. Ne4 Bg4 14. b4 axb4 15. axb4 Qd7 16. b5 Nd8 17. Nb4 f5 18. Nd2 Bxb4 19. Rxb4 f4 20. Ne4 Bh3 21. c5 Kh8 22. f3 Be6 23. Kh1 Bd5 24. Rg1 Ne6 25. Bh3 Qe7 26. Qc2 Ra2 27. Rb2 Rfa8 28. Bf5 Ngf8 29. gxf4 Nxf4 30. Bxf4 exf4 31. Qc1 g6 32. Rxa2 Rxa2 33. Qxf4 gxf5 34. Ng5 Rxe2 35. Qxd4+ Qe5 36. Qh4 Qe7 37. Qd4+ Qe5 38. Qh4 Qe7 39. Qh6 Ng6 40. Qh5 Re1 41. Nh3 Rxg1+ 42. Nxg1 Qh4 43. Qxf5 c6 44. Qc8+ Kg7 45. Qxb7+ Kh6 46. bxc6 Qf6 47. Qb2 Qxc6 48. Qd2+ Kg7 49. Qc3+ Qf6 50. d4 Nh4 51. Qe3 Nxf3 52. Nxf3 Bxf3+ 53. Kg1 Bd5 0-1